Rangers vs Panthers (R1)

Created - November 8, 2019 at 23:35

Goals
1 2 3 OT1 SO T
Rangers 0 1 3 0 0 4
Panthers 1 2 1 0 1 5
Shots
1 2 3 OT1 SO T
Rangers 10 15 9 3 3 37
Panthers 8 6 7 1 2 22

1st period

1. Panthers , Steve Quailer 1 (Stephen Weiss 1, Matt Irwin 2) at 7:19

Penalties :
Colten Teubert (NYR) for High sticking (Minor) at 1:27, Jakob Silfverberg (NYR) for Hooking (Minor) at 14:44

2nd period

2. Rangers , Jakob Silfverberg 6 (Patrice Bergeron 9, Milan Lucic 6) at 13:37
3. Panthers , Steve Quailer 2 (Jonathan Sigalet 1) at 14:24
4. Panthers , Marek Svatos 4 (Erik Gudbranson 3, Matt Duchene 3) at 18:15

Penalties :
Tomas Hertl (NYR) for Roughing (Minor) at 1:27, Steve Quailer (Flo) for Tripping (Minor) at 7:19

3rd period

5. Panthers , Matt Duchene 6 (Marek Svatos 3) at 4:16 (PP)
6. Rangers , Matt Greene 1 (James Neal 5, Kyle Okposo 4) at 10:14 (PP)
7. Rangers , Patrice Bergeron 2 (Milan Lucic 7) at 10:20
8. Rangers , James Neal 4 (Colten Teubert 2, Sean Couturier 6) at 14:56 (PP)

Penalties :
Mark Fistric (NYR) for Hooking (Minor) at 1:13, Milan Lucic (NYR) for Hooking (Minor) at 4:08, Luke Schenn (NYR) for Hooking (Minor) at 4:23, Kurtis Foster (Flo) for Tripping (Minor) at 9:32, Kurtis Foster (Flo) for Boarding (Double Minor) at 14:21

Overtime #1

No Goal

Penalties :
No Penalty

Shootout

Rangers, Milan Lucic - Stopped by Petr Mrazek
Panthers, Alex Galchenyuk - Goal!
Rangers, Patrice Bergeron - Stopped by Petr Mrazek
Panthers, Stephen Weiss - Stopped by Mike Condon
Rangers, Jakob Silfverberg - Stopped by Petr Mrazek

Penalties :
No Penalty

Goalie Stats

Mike Condon (NYR), 3 saves from 3 shots - (1.000), OTL, 0-1-2, 20:44 minutes
Frederik Andersen (NYR), 15 saves from 19 shots - (0.789), 44:16 minutes
Petr Mrazek (Flo), 33 saves from 37 shots - (0.892), W, 3-4-0, 65:00 minutes

Players Stats for Rangers

Player Name              G  A  P  +/- PIM S  H  SB GA TA FO     MP     PP MP  PK MP  
------------------------------------------------------------------------------------
Alexei Emelin            0  0  0  -1  0   1  0  0  0  0  0/0    15:31   0:24   2:48 
Cam Barker               0  0  0   0  0   0  0  0  0  0  0/0    14:40   1:09   4:07 
Chris Bourque            0  0  0  -2  0   3  3  0  0  0  0/0    14:14   0:00   0:58 
Colten Teubert           0  1  1   0  2   2  0  0  0  1  0/0    21:55   2:00   0:00 
Gustav Nyquist           0  0  0   0  0   0  0  0  0  0  1/1     9:18   0:00   1:34 
Jakob Silfverberg        1  0  1   2  2   5  2  1  1  0  3/4    20:35   2:57   2:18 
James Neal               1  1  2  -1  0   7  3  2  0  0  0/0    16:07   2:18   0:00 
Kyle Okposo              0  1  1  -1  0   3  2  0  1  1  1/1    20:58   2:18   3:06 
Luke Schenn              0  0  0   1  2   1  1  5  0  0  0/0    29:33   3:27   5:40 
Mark Fistric             0  0  0  -1  2   1  0  0  0  1  0/0    20:23   1:45   2:37 
Matt Greene              1  0  1  -1  0   1  0  0  1  0  0/0    19:42   1:45   2:44 
Matt Read                0  0  0  -2  0   1  0  0  1  0  0/0    12:46   0:00   0:00 
Maxime Sauvé             0  0  0   0  0   0  0  0  0  0  0/1     4:57   0:00   0:00 
Milan Lucic              0  2  2   2  2   7  2  1  1  1  6/14   28:23   2:57   5:51 
Patrice Bergeron         1  1  2   2  0   2  1  0  1  1  13/27  24:22   2:57   5:59 
Patrik Nemeth            0  0  0   0  0   0  0  0  0  0  0/0     8:39   0:00   2:10 
Sean Couturier           0  1  1  -1  0   1  1  1  0  0  7/12   16:27   2:18   0:20 
Tomas Hertl              0  0  0  -2  2   2  1  0  1  0  2/4    11:21   0:00   0:00 

Players Stats for Panthers

Player Name              G  A  P  +/- PIM S  H  SB GA TA FO     MP     PP MP  PK MP  
------------------------------------------------------------------------------------
Alex Galchenyuk          0  0  0  -1  0   3  4  0  0  0  1/3    23:34   5:33   0:52 
Brandon Gormley          0  0  0   0  0   0  1  3  0  0  0/0    22:38   4:18   2:24 
Daniel Paille            0  0  0   0  0   0  0  0  1  0  0/0     9:21   0:00   0:00 
Dany Heatley             0  0  0   2  0   0  2  0  0  1  0/0    11:51   0:00   0:58 
Drew Stafford            0  0  0   0  0   1  2  2  1  2  0/1    19:25   4:30   3:17 
Erik Gudbranson          0  1  1   0  0   0  2  5  1  0  0/0    31:08   5:45   3:05 
Jean-Gabriel Pageau      0  0  0   0  0   1  0  0  0  3  6/14   20:45   4:30   3:08 
Jonathan Matsumoto       0  0  0   0  0   0  1  0  0  0  2/4     8:57   0:00   1:03 
Jonathan Sigalet         0  1  1   0  0   1  2  0  0  0  0/0    31:22   5:45   3:24 
Kurtis Foster            0  0  0   1  6   0  1  0  1  0  0/0    12:21   0:00   0:50 
Kyle Clifford            0  0  0   0  0   0  1  0  1  0  0/0    18:52   4:30   1:03 
Marek Svatos             1  1  2  -1  0   3  2  1  0  0  0/0    20:44   5:33   0:00 
Matt Duchene             1  1  2  -1  0   6  1  0  0  1  21/40  22:56   5:33   0:09 
Matt Irwin               0  1  1   1  0   0  0  0  0  0  0/0    15:30   4:18   0:00 
Patrick Eaves            0  0  0   0  0   1  1  0  0  0  0/0     7:47   0:00   0:00 
Stephen Weiss            0  1  1   2  0   3  0  0  0  0  1/2    10:27   0:00   0:00 
Steve Montador           0  0  0   0  0   1  3  0  0  0  0/0    17:04   0:00   0:47 
Steve Quailer            2  0  2   2  2   2  1  0  0  0  0/0    10:00   0:00   0:00 

3 Stars

1 - Steve Quailer (Flo)
2 - Patrice Bergeron (NYR)
3 - Marek Svatos (Flo)

Power Play

Rangers - 2 on 4 Attempt(s) - 50.00%
Panthers - 1 on 6 Attempt(s) - 16.67%

Penalty Kill

Rangers - 5 on 6 Attempt(s) - 83.33% - Score 0 goal in Penalty Kill
Panthers - 2 on 4 Attempt(s) - 50.00% - Score 0 goal in Penalty Kill

Team Stat

Rangers - Hits : 16 - Faceoff Wins : 33 - Blocked Shots : 10 - Penalty Minutes : 12
Panthers - Hits : 24 - Faceoff Wins : 31 - Blocked Shots : 11 - Penalty Minutes : 8

Official

Referees : Unknown
Linesman : Unknown

Game Notes

Cam Barker is injured at 12:08 of 2nd period (Strained Left Elbow)
1:52 of 3rd period - Panthers goal is going for a video replay. After video review, No Goal. The goalkeeper has been pushed into the net together with the puck after making a save.
Mike Condon enters game at 4:16 of 3rd period

Finance

Level 1 -- Attendance: 4263 (71.05%) -- Ticket Income $503,034
Level 2 -- Attendance: 4263 (85.26%) -- Ticket Income $289,884
Level 3 -- Attendance: 1934 (96.70%) -- Ticket Income $83,162
Level 4 -- Attendance: 3011 (75.28%) -- Ticket Income $99,363
Luxury Box -- Attendance: 797 (79.70%) -- Ticket Income $151,430
Game was played at the Bank Atlantic Cente.
Total Attendance: 14268 (79.27%)
Total Ticket Income: $1,126,873
Other Income: $169,031
Total Income: $1,295,904

Rangers

5 vs 5 Forward 
   Center                   Left Wing                Right Wing               Time % Phy DF OF 
 1 Patrice Bergeron         Milan Lucic              Jakob Silfverberg        40     1   2  2  
 2 Sean Couturier           James Neal               Kyle Okposo              30     1   2  2  
 3 Tomas Hertl              Chris Bourque            Matt Read                20     1   2  2  
 4 Maxime Sauvé             Milan Lucic              Gustav Nyquist           10     1   2  2  

5 vs 5 Defense 
   Defense                  Defense                                           Time % Phy DF OF 
 1 Cam Barker               Luke Schenn                                       40     1   2  2  
 2 Mark Fistric             Matt Greene                                       30     1   2  2  
 3 Colten Teubert           Alexei Emelin                                     20     1   2  2  
 4 Patrik Nemeth            Cam Barker                                        10     1   2  2  

PowerPlay Forward 
   Center                   Left Wing                Right Wing               Time % Phy DF OF 
 1 Patrice Bergeron         Milan Lucic              Jakob Silfverberg        60     1   2  2  
 2 Sean Couturier           James Neal               Kyle Okposo              40     1   2  2  

PowerPlay Defense
   Defense                  Defense                                           Time % Phy DF OF 
 1 Cam Barker               Luke Schenn                                       60     1   2  2  
 2 Mark Fistric             Matt Greene                                       40     1   2  2  

Penalty Kill 4 Players Forward 
   Center                   Wing                     Time % Phy DF OF 
 1 Milan Lucic              Patrice Bergeron         60     1   2  2  
 2 Jakob Silfverberg        Kyle Okposo              40     1   2  2  

Penalty Kill 4 Players Defense
   Defense                  Defense                  Time % Phy DF OF 
 1 Cam Barker               Luke Schenn              60     1   2  2  
 2 Mark Fistric             Matt Greene              40     1   2  2  

Penalty Kill - 3 Players Forward 
   Forward                                           Time % Phy DF OF 
 1 Milan Lucic                                       60     1   2  2  
 2 Patrice Bergeron                                  40     1   2  2  

Penalty Kill - 3 Players Defense
   Defense                  Defense                  Time % Phy DF OF 
 1 Cam Barker               Luke Schenn              60     1   2  2  
 2 Mark Fistric             Matt Greene              40     1   2  2  

4 vs 4 Forward 
   Center                   Wing                     Time % Phy DF OF 
 1 Milan Lucic              Patrice Bergeron         60     1   2  2  
 2 Jakob Silfverberg        Kyle Okposo              40     1   2  2  

4 vs 4 Defense
   Defense                  Defense                  Time % Phy DF OF 
 1 Cam Barker               Luke Schenn              60     1   2  2  
 2 Mark Fistric             Matt Greene              40     1   2  2  

Last Minutes Offensive
   Center                   Left Wing                Right Wing               Defense                  Defense                  
   Patrice Bergeron         Milan Lucic              Jakob Silfverberg        Cam Barker               Luke Schenn              

Last Minutes Defensive
   Center                   Left Wing                Right Wing               Defense                  Defense                  
   Patrice Bergeron         Milan Lucic              Jakob Silfverberg        Cam Barker               Luke Schenn              

Goaltenders
Starting : Frederik Andersen        
Backup : Mike Condon              

Extra Forwards
Normal : Matt Read, Chris Bourque, Gustav Nyquist - PP : Matt Read, Chris Bourque - PK : Gustav Nyquist
Extra Defensemen
Normal : Colten Teubert, Alexei Emelin, Patrik Nemeth - PP : Colten Teubert - PK : Alexei Emelin, Patrik Nemeth
Penalty Shots
Milan Lucic, Patrice Bergeron, Jakob Silfverberg, Kyle Okposo, James Neal

Scratches
Magnus Paajarvi-Svensson (Healthy)

Panthers

5 vs 5 Forward 
   Center                   Left Wing                Right Wing               Time % Phy DF OF 
 1 Matt Duchene             Alex Galchenyuk          Marek Svatos             40     0   2  3  
 2 Jean-Gabriel Pageau      Kyle Clifford            Drew Stafford            30     0   2  3  
 3 Stephen Weiss            Dany Heatley             Steve Quailer            20     0   3  2  
 4 Jonathan Matsumoto       Daniel Paille            Patrick Eaves            10     1   2  2  

5 vs 5 Defense 
   Defense                  Defense                                           Time % Phy DF OF 
 1 Erik Gudbranson          Jonathan Sigalet                                  40     0   2  3  
 2 Steve Montador           Brandon Gormley                                   30     0   2  3  
 3 Matt Irwin               Kurtis Foster                                     20     1   2  2  
 4 Erik Gudbranson          Jonathan Sigalet                                  10     0   2  3  

PowerPlay Forward 
   Center                   Left Wing                Right Wing               Time % Phy DF OF 
 1 Matt Duchene             Alex Galchenyuk          Marek Svatos             60     0   1  4  
 2 Jean-Gabriel Pageau      Kyle Clifford            Drew Stafford            40     0   1  4  

PowerPlay Defense
   Defense                  Defense                                           Time % Phy DF OF 
 1 Erik Gudbranson          Jonathan Sigalet                                  60     0   2  3  
 2 Brandon Gormley          Matt Irwin                                        40     0   2  3  

Penalty Kill 4 Players Forward 
   Center                   Wing                     Time % Phy DF OF 
 1 Jean-Gabriel Pageau      Drew Stafford            60     1   3  1  
 2 Jonathan Matsumoto       Kyle Clifford            40     1   3  1  

Penalty Kill 4 Players Defense
   Defense                  Defense                  Time % Phy DF OF 
 1 Erik Gudbranson          Jonathan Sigalet         60     1   4  0  
 2 Kurtis Foster            Brandon Gormley          40     1   4  0  

Penalty Kill - 3 Players Forward 
   Forward                                           Time % Phy DF OF 
 1 Drew Stafford                                     60     1   3  1  
 2 Kyle Clifford                                     40     1   3  1  

Penalty Kill - 3 Players Defense
   Defense                  Defense                  Time % Phy DF OF 
 1 Erik Gudbranson          Jonathan Sigalet         60     1   4  0  
 2 Kurtis Foster            Brandon Gormley          40     1   4  0  

4 vs 4 Forward 
   Center                   Wing                     Time % Phy DF OF 
 1 Matt Duchene             Alex Galchenyuk          60     0   2  3  
 2 Jean-Gabriel Pageau      Kyle Clifford            40     0   2  3  

4 vs 4 Defense
   Defense                  Defense                  Time % Phy DF OF 
 1 Erik Gudbranson          Jonathan Sigalet         60     0   2  3  
 2 Steve Montador           Brandon Gormley          40     0   2  3  

Last Minutes Offensive
   Center                   Left Wing                Right Wing               Defense                  Defense                  
   Matt Duchene             Alex Galchenyuk          Marek Svatos             Erik Gudbranson          Jonathan Sigalet         

Last Minutes Defensive
   Center                   Left Wing                Right Wing               Defense                  Defense                  
   Jean-Gabriel Pageau      Kyle Clifford            Drew Stafford            Erik Gudbranson          Jonathan Sigalet         

Goaltenders
Starting : Petr Mrazek              
Backup : Braden Holtby            

Extra Forwards
Normal : Kyle Clifford, Alex Galchenyuk, Matt Duchene - PP : Kyle Clifford, Alex Galchenyuk - PK : Dany Heatley
Extra Defensemen
Normal : Brandon Gormley, Erik Gudbranson, Matt Irwin - PP : Matt Irwin - PK : Brandon Gormley, Erik Gudbranson
Penalty Shots
Alex Galchenyuk, Stephen Weiss, Kyle Clifford, Jean-Gabriel Pageau, Matt Duchene

Scratches
None


% Time on Ice - Rangers

Lines # - Real PCT - Wanted PCT - Time Play
Normal Forward
1 - 32% - 40% - 14:06
2 - 34% - 30% - 15:24
3 - 23% - 20% - 10:15
4 - 11% - 10% - 4:57
Normal Defense
1 - 41% - 40% - 18:28
2 - 30% - 30% - 13:37
3 - 16% - 20% - 7:21
4 - 12% - 10% - 5:16
PP Forward
1 - 56% - 60% - 2:57
2 - 44% - 40% - 2:18
PP Defense
1 - 67% - 60% - 3:30
2 - 33% - 40% - 1:45
PK Forward
1 - 69% - 60% - 6:57
2 - 31% - 40% - 3:06
PK Defense
1 - 76% - 60% - 7:39
2 - 24% - 40% - 2:24
PK3 Forward
1 - 0% - 60%
2 - 0% - 40%
PK3 Defense
1 - 0% - 60%
2 - 0% - 40%
44 Forward
1 - 74% - 60% - 3:43
2 - 26% - 40% - 1:17
44 Defense
1 - 68% - 60% - 3:24
2 - 32% - 40% - 1:36
Last Minute Offensive  - 0:00
Last Minute Defensive  - 0:00
Total
Forward - 65:00
Defense - 65:00

% Time on Ice - Panthers

Lines # - Real PCT - Wanted PCT - Time Play
Normal Forward
1 - 35% - 40% - 15:33
2 - 25% - 30% - 11:23
3 - 22% - 20% - 9:59
4 - 17% - 10% - 7:47
Normal Defense
1 - 42% - 40% - 18:38
2 - 34% - 30% - 15:14
3 - 22% - 20% - 9:42
4 - 3% - 10% - 1:08
PP Forward
1 - 55% - 60% - 5:33
2 - 45% - 40% - 4:30
PP Defense
1 - 57% - 60% - 5:45
2 - 43% - 40% - 4:18
PK Forward
1 - 80% - 60% - 4:12
2 - 20% - 40% - 1:03
PK Defense
1 - 52% - 60% - 2:43
2 - 48% - 40% - 2:32
PK3 Forward
1 - 0% - 60%
2 - 0% - 40%
PK3 Defense
1 - 0% - 60%
2 - 0% - 40%
44 Forward
1 - 85% - 60% - 4:16
2 - 15% - 40% - 0:44
44 Defense
1 - 60% - 60% - 2:59
2 - 40% - 40% - 2:01
Last Minute Offensive  - 0:00
Last Minute Defensive  - 0:00
Total
Forward - 65:00
Defense - 65:00

Play-by-Play

1st period


0:01 of 1st period - Patrice Bergeron wins face-off versus Matt Duchene in neutral zone.
0:04 of 1st period - Slapshot by Patrice Bergeron.
0:04 of 1st period - Shot Blocked by Erik Gudbranson.
0:12 of 1st period - Cam Barker is hit by Alex Galchenyuk and loses puck.
0:27 of 1st period - Luke Schenn is hit by Drew Stafford and loses puck.
1:27 of 1st period - Minor Penalty to Colten Teubert for High sticking.
1:28 of 1st period - Matt Duchene wins face-off versus Milan Lucic in Rangers zone.
2:02 of 1st period - Icing by Kyle Clifford.
2:03 of 1st period - Jakob Silfverberg wins face-off versus Jean-Gabriel Pageau in Panthers zone.
2:18 of 1st period - Snap shot by Drew Stafford.
2:18 of 1st period - Stopped by Frederik Andersen without a rebound.
2:19 of 1st period - Milan Lucic wins face-off versus Matt Duchene in Rangers zone.
2:50 of 1st period - Backhand shot by Drew Stafford.
2:50 of 1st period - Shot Blocked by Luke Schenn.
3:27 of 1st period - Penalty to Colten Teubert is over, Colten Teubert is back on ice.
3:50 of 1st period - Mark Fistric is hit by Jonathan Sigalet and loses puck.
4:28 of 1st period - Alexei Emelin is hit by Alex Galchenyuk and loses puck.
4:48 of 1st period - Off-side.
4:49 of 1st period - Sean Couturier wins face-off versus Jonathan Matsumoto in neutral zone.
5:04 of 1st period - Snap shot by Sean Couturier.
5:04 of 1st period - Shot Blocked by Erik Gudbranson.
5:18 of 1st period - Snap shot by Chris Bourque.
5:18 of 1st period - Stopped by Petr Mrazek without a rebound.
5:19 of 1st period - Patrice Bergeron wins face-off versus Matt Duchene in Panthers zone.
5:28 of 1st period - Wrist shot by Jakob Silfverberg.
5:28 of 1st period - Stopped by Petr Mrazek with a rebound.
5:44 of 1st period - Slapshot by Marek Svatos.
5:44 of 1st period - Stopped by Frederik Andersen without a rebound.
5:45 of 1st period - Jean-Gabriel Pageau wins face-off versus Sean Couturier in Rangers zone.
6:11 of 1st period - Icing by Steve Quailer.
6:12 of 1st period - Stephen Weiss wins face-off versus Tomas Hertl in Panthers zone.
6:26 of 1st period - Off-side.
6:27 of 1st period - Patrice Bergeron wins face-off versus Matt Duchene in neutral zone.
6:30 of 1st period - Kurtis Foster is hit by Milan Lucic and loses puck.
7:12 of 1st period - Matt Read is hit by Dany Heatley and loses puck.
7:19 of 1st period - Wrist shot by Steve Quailer.
7:19 of 1st period - Goal by Steve Quailer - Rangers : 0 - Panthers : 1.
7:20 of 1st period - Matt Duchene wins face-off versus Patrice Bergeron in neutral zone.
7:29 of 1st period - Snap shot by Jakob Silfverberg.
7:29 of 1st period - Stopped by Petr Mrazek with a rebound.
7:31 of 1st period - Wrist shot by Milan Lucic.
7:31 of 1st period - Shot Blocked by Erik Gudbranson.
7:33 of 1st period - Wrist shot by Milan Lucic.
7:33 of 1st period - Shot Blocked by Marek Svatos.
7:35 of 1st period - Slapshot by Milan Lucic.
7:35 of 1st period - Stopped by Petr Mrazek with a rebound.
8:10 of 1st period - Snap shot by Tomas Hertl.
8:10 of 1st period - Stopped by Petr Mrazek with a rebound.
8:34 of 1st period - Wrist shot by Jonathan Matsumoto.
8:34 of 1st period - Shot Misses the Net.
9:00 of 1st period - Wrist shot by James Neal.
9:00 of 1st period - Stopped by Petr Mrazek without a rebound.
9:01 of 1st period - Sean Couturier wins face-off versus Jean-Gabriel Pageau in Panthers zone.
9:26 of 1st period - Cam Barker is hit by Steve Montador.
9:36 of 1st period - Slapshot by James Neal.
9:36 of 1st period - Shot Misses the Net.
9:38 of 1st period - Slapshot by Kyle Okposo.
9:38 of 1st period - Stopped by Petr Mrazek with a rebound.
9:40 of 1st period - Snap shot by Mark Fistric.
9:40 of 1st period - Stopped by Petr Mrazek without a rebound.
9:41 of 1st period - Patrice Bergeron wins face-off versus Matt Duchene in Panthers zone.
9:44 of 1st period - Snap shot by Milan Lucic.
9:44 of 1st period - Stopped by Petr Mrazek without a rebound.
9:45 of 1st period - Matt Duchene wins face-off versus Milan Lucic in Panthers zone.
9:58 of 1st period - Snap shot by Marek Svatos.
9:58 of 1st period - Deflect By Alex Galchenyuk.
9:58 of 1st period - Stopped by Frederik Andersen with a rebound.
10:33 of 1st period - Snap shot by Steve Quailer.
10:33 of 1st period - Shot Blocked by Luke Schenn.
11:11 of 1st period - Slapshot by Matt Duchene.
11:11 of 1st period - Stopped by Frederik Andersen without a rebound.
11:12 of 1st period - Matt Duchene wins face-off versus Patrice Bergeron in Rangers zone.
11:13 of 1st period - Slapshot by Alex Galchenyuk.
11:13 of 1st period - Shot Blocked by Milan Lucic.
11:50 of 1st period - Snap shot by Kyle Clifford.
11:50 of 1st period - Shot Blocked by Sean Couturier.
13:08 of 1st period - Snap shot by Milan Lucic.
13:08 of 1st period - Shot Misses the Net.
13:10 of 1st period - Slapshot by Milan Lucic.
13:10 of 1st period - Shot Hit the Post.
13:12 of 1st period - Wrist shot by Maxime Sauvé.
13:12 of 1st period - Shot Misses the Net.
13:34 of 1st period - Snap shot by Stephen Weiss.
13:34 of 1st period - Stopped by Frederik Andersen without a rebound.
13:35 of 1st period - Tomas Hertl wins face-off versus Jonathan Matsumoto in Rangers zone.
13:35 of 1st period - Tomas Hertl is hit by Kurtis Foster.
14:06 of 1st period - Slapshot by Sean Couturier.
14:06 of 1st period - Shot Misses the Net.
14:08 of 1st period - Wrist shot by Kyle Okposo.
14:08 of 1st period - Stopped by Petr Mrazek without a rebound.
14:09 of 1st period - Matt Duchene wins face-off versus Patrice Bergeron in Panthers zone.
14:20 of 1st period - Wrist shot by Alex Galchenyuk.
14:20 of 1st period - Stopped by Frederik Andersen without a rebound.
14:21 of 1st period - Matt Duchene wins face-off versus Patrice Bergeron in Rangers zone.
14:44 of 1st period - Minor Penalty to Jakob Silfverberg for Hooking.
14:45 of 1st period - Matt Duchene wins face-off versus Milan Lucic in Rangers zone.
14:48 of 1st period - Snap shot by Matt Duchene.
14:48 of 1st period - Stopped by Frederik Andersen with a rebound.
16:44 of 1st period - Penalty to Jakob Silfverberg is over, Jakob Silfverberg is back on ice.
16:51 of 1st period - Wrist shot by Jakob Silfverberg.
16:51 of 1st period - Shot Hit the Post.
17:41 of 1st period - Kyle Okposo is hit by Dany Heatley and loses puck.
17:58 of 1st period - Snap shot by Patrick Eaves.
17:58 of 1st period - Shot Misses the Net.
18:10 of 1st period - Marek Svatos is hit by Jakob Silfverberg and loses puck.
19:31 of 1st period - Icing by Steve Montador.
19:32 of 1st period - Jonathan Matsumoto wins face-off versus Maxime Sauvé in Panthers zone.
19:55 of 1st period - Erik Gudbranson is hit by Sean Couturier and loses puck.
Goals for this period are 0 for Rangers vs 1 for Panthers.
Shots for this period are 10 for Rangers vs 8 for Panthers.

2nd period


0:01 of 2nd period - Jakob Silfverberg wins face-off versus Alex Galchenyuk in neutral zone.
0:10 of 2nd period - Slapshot by Matt Duchene.
0:10 of 2nd period - Stopped by Frederik Andersen with a rebound.
0:26 of 2nd period - Cam Barker is hit by Drew Stafford and loses puck.
0:49 of 2nd period - Snap shot by Milan Lucic.
0:49 of 2nd period - Shot Blocked by Drew Stafford.
1:27 of 2nd period - Minor Penalty to Tomas Hertl for Roughing.
1:28 of 2nd period - Milan Lucic wins face-off versus Matt Duchene in Rangers zone.
2:33 of 2nd period - Alex Galchenyuk is hit by Kyle Okposo and loses puck.
3:16 of 2nd period - Patrice Bergeron is hit by Alex Galchenyuk and loses puck.
3:27 of 2nd period - Penalty to Tomas Hertl is over, Tomas Hertl is back on ice.
4:55 of 2nd period - Chris Bourque is hit by Jonathan Sigalet and loses puck.
5:28 of 2nd period - Kyle Okposo is hit by Marek Svatos and loses puck.
6:01 of 2nd period - Alexei Emelin is hit by Steve Quailer and loses puck.
6:34 of 2nd period - Patrick Eaves is hit by Jakob Silfverberg and loses puck.
6:55 of 2nd period - Milan Lucic is hit by Matt Duchene and loses puck.
7:19 of 2nd period - Minor Penalty to Steve Quailer for Tripping.
7:20 of 2nd period - Sean Couturier wins face-off versus Jean-Gabriel Pageau in Panthers zone.
7:20 of 2nd period - Wrist shot by James Neal.
7:20 of 2nd period - Stopped by Petr Mrazek without a rebound.
7:21 of 2nd period - Sean Couturier wins face-off versus Jean-Gabriel Pageau in Panthers zone.
7:22 of 2nd period - Wrist shot by Kyle Okposo.
7:22 of 2nd period - Stopped by Petr Mrazek with a rebound.
9:19 of 2nd period - Penalty to Steve Quailer is over, Steve Quailer is back on ice.
9:20 of 2nd period - Icing by Luke Schenn.
9:21 of 2nd period - Patrice Bergeron wins face-off versus Matt Duchene in Rangers zone.
9:21 of 2nd period - Patrice Bergeron is hit by Steve Montador.
9:54 of 2nd period - Milan Lucic is hit by Brandon Gormley and loses puck.
10:33 of 2nd period - James Neal is hit by Erik Gudbranson and loses puck.
11:22 of 2nd period - Snap shot by Matt Read.
11:22 of 2nd period - Stopped by Petr Mrazek with a rebound.
12:07 of 2nd period - Cam Barker is hit by Patrick Eaves and loses puck.
12:08 of 2nd period - Cam Barker from Rangers is injured at 12:08 of 2nd period (Strained Left Elbow).
12:09 of 2nd period - Patrice Bergeron wins face-off versus Matt Duchene in Rangers zone.
12:36 of 2nd period - Kyle Clifford is hit by James Neal and loses puck.
13:02 of 2nd period - Slapshot by Chris Bourque.
13:02 of 2nd period - Shot Misses the Net.
13:04 of 2nd period - Slapshot by Colten Teubert.
13:04 of 2nd period - Stopped by Petr Mrazek without a rebound.
13:05 of 2nd period - Matt Duchene wins face-off versus Tomas Hertl in Panthers zone.
13:05 of 2nd period - Matt Duchene is hit by Chris Bourque.
13:11 of 2nd period - Slapshot by Matt Duchene.
13:11 of 2nd period - Stopped by Frederik Andersen without a rebound.
13:12 of 2nd period - Matt Duchene wins face-off versus Patrice Bergeron in Rangers zone.
13:19 of 2nd period - Snap shot by Alex Galchenyuk.
13:19 of 2nd period - Deflect By Marek Svatos.
13:19 of 2nd period - Shot Blocked by Jakob Silfverberg.
13:19 of 2nd period - Puck is out of play.
13:20 of 2nd period - Patrice Bergeron wins face-off versus Matt Duchene in Rangers zone.
13:35 of 2nd period - Wrist shot by Patrice Bergeron.
13:35 of 2nd period - Shot Misses the Net.
13:37 of 2nd period - Wrist shot by Jakob Silfverberg.
13:37 of 2nd period - Goal by Jakob Silfverberg - Rangers : 1 - Panthers : 1.
13:38 of 2nd period - Patrice Bergeron wins face-off versus Matt Duchene in neutral zone.
13:47 of 2nd period - Wrist shot by Patrice Bergeron.
13:47 of 2nd period - Shot Misses the Net.
13:49 of 2nd period - Wrist shot by Jakob Silfverberg.
13:49 of 2nd period - Stopped by Petr Mrazek with a rebound.
14:14 of 2nd period - Slapshot by James Neal.
14:14 of 2nd period - Stopped by Petr Mrazek with a rebound.
14:24 of 2nd period - Wrist shot by Steve Quailer.
14:24 of 2nd period - Goal by Steve Quailer - Rangers : 1 - Panthers : 2.
14:25 of 2nd period - Matt Duchene wins face-off versus Patrice Bergeron in neutral zone.
14:57 of 2nd period - Snap shot by Matt Duchene.
14:57 of 2nd period - Deflect By Marek Svatos.
14:57 of 2nd period - Shot Blocked by Luke Schenn.
14:57 of 2nd period - Puck is out of play.
14:58 of 2nd period - Tomas Hertl wins face-off versus Jean-Gabriel Pageau in Rangers zone.
15:32 of 2nd period - Wrist shot by Jakob Silfverberg.
15:32 of 2nd period - Shot Misses the Net.
15:34 of 2nd period - Slapshot by Mark Fistric.
15:34 of 2nd period - Shot Blocked by Erik Gudbranson.
15:36 of 2nd period - Wrist shot by Patrice Bergeron.
15:36 of 2nd period - Shot Misses the Net.
16:24 of 2nd period - Tomas Hertl is hit by Kyle Clifford and loses puck.
16:39 of 2nd period - Backhand shot by Brandon Gormley.
16:39 of 2nd period - Shot Blocked by Luke Schenn.
16:41 of 2nd period - Wrist shot by Daniel Paille.
16:41 of 2nd period - Shot Misses the Net.
16:43 of 2nd period - Slapshot by Steve Montador.
16:43 of 2nd period - Shot Misses the Net.
17:03 of 2nd period - Wrist shot by Tomas Hertl.
17:03 of 2nd period - Deflect By Matt Read.
17:03 of 2nd period - Shot Blocked by Brandon Gormley.
17:03 of 2nd period - Puck is out of play.
17:04 of 2nd period - Matt Duchene wins face-off versus Sean Couturier in Panthers zone.
17:34 of 2nd period - Slapshot by Tomas Hertl.
17:34 of 2nd period - Stopped by Petr Mrazek with a rebound.
17:36 of 2nd period - Snap shot by Chris Bourque.
17:36 of 2nd period - Stopped by Petr Mrazek without a rebound.
17:37 of 2nd period - Patrice Bergeron wins face-off versus Jean-Gabriel Pageau in Panthers zone.
17:38 of 2nd period - Snap shot by Milan Lucic.
17:38 of 2nd period - Stopped by Petr Mrazek with a rebound.
17:40 of 2nd period - Wrist shot by Milan Lucic.
17:40 of 2nd period - Stopped by Petr Mrazek without a rebound.
17:41 of 2nd period - Jean-Gabriel Pageau wins face-off versus Patrice Bergeron in Panthers zone.
17:41 of 2nd period - Jean-Gabriel Pageau is hit by Milan Lucic.
17:51 of 2nd period - Wrist shot by Milan Lucic.
17:51 of 2nd period - Shot Blocked by Brandon Gormley.
17:53 of 2nd period - Snap shot by Milan Lucic.
17:53 of 2nd period - Stopped by Petr Mrazek with a rebound.
17:55 of 2nd period - Slapshot by Matt Greene.
17:55 of 2nd period - Shot Blocked by Brandon Gormley.
17:57 of 2nd period - Wrist shot by Patrice Bergeron.
17:57 of 2nd period - Stopped by Petr Mrazek without a rebound.
17:58 of 2nd period - Sean Couturier wins face-off versus Matt Duchene in Panthers zone.
18:01 of 2nd period - Wrist shot by James Neal.
18:01 of 2nd period - Deflect By Matt Duchene.
18:01 of 2nd period - Stopped by Petr Mrazek with a rebound.
18:07 of 2nd period - Wrist shot by Matt Duchene.
18:07 of 2nd period - Deflect By Luke Schenn.
18:07 of 2nd period - Stopped by Frederik Andersen without a rebound.
18:08 of 2nd period - Alex Galchenyuk wins face-off versus Sean Couturier in Rangers zone.
18:11 of 2nd period - Snap shot by Marek Svatos.
18:11 of 2nd period - Stopped by Frederik Andersen with a rebound.
18:13 of 2nd period - Backhand shot by Erik Gudbranson.
18:13 of 2nd period - Shot Hit the Post.
18:15 of 2nd period - Backhand shot by Marek Svatos.
18:15 of 2nd period - Goal by Marek Svatos - Rangers : 1 - Panthers : 3.
18:16 of 2nd period - Matt Duchene wins face-off versus Patrice Bergeron in neutral zone.
18:43 of 2nd period - Kyle Clifford is hit by James Neal and loses puck.
19:03 of 2nd period - Snap shot by Chris Bourque.
19:03 of 2nd period - Stopped by Petr Mrazek with a rebound.
19:48 of 2nd period - Snap shot by Alex Galchenyuk.
19:48 of 2nd period - Shot Misses the Net.
Goals for this period are 1 for Rangers vs 2 for Panthers.
Shots for this period are 15 for Rangers vs 6 for Panthers.

3rd period


0:01 of 3rd period - Matt Duchene wins face-off versus Milan Lucic in neutral zone.
0:37 of 3rd period - Snap shot by Kyle Clifford.
0:37 of 3rd period - Shot Blocked by James Neal.
1:13 of 3rd period - Minor Penalty to Mark Fistric for Hooking.
1:14 of 3rd period - Matt Duchene wins face-off versus Milan Lucic in Rangers zone.
1:20 of 3rd period - Slapshot by Luke Schenn.
1:20 of 3rd period - Deflect By Jonathan Sigalet.
1:20 of 3rd period - Stopped by Petr Mrazek without a rebound.
1:21 of 3rd period - Matt Duchene wins face-off versus Milan Lucic in Panthers zone.
1:44 of 3rd period - Snap shot by Matt Duchene.
1:44 of 3rd period - Shot Misses the Net.
1:46 of 3rd period - Slapshot by Erik Gudbranson.
1:46 of 3rd period - Shot Misses the Net.
1:48 of 3rd period - Slapshot by Jonathan Sigalet.
1:48 of 3rd period - Stopped by Frederik Andersen with a rebound.
1:50 of 3rd period - Wrist shot by Alex Galchenyuk.
1:50 of 3rd period - Shot Misses the Net.
1:52 of 3rd period - Wrist shot by Alex Galchenyuk.
1:52 of 3rd period - Panthers goal is going for a video replay.
1:52 of 3rd period - The goal is refused. The goalkeeper has been pushed into the net together with the puck after making a save..
1:53 of 3rd period - Milan Lucic wins face-off versus Jean-Gabriel Pageau in Rangers zone.
2:53 of 3rd period - Milan Lucic is hit by Erik Gudbranson and loses puck.
3:13 of 3rd period - Penalty to Mark Fistric is over, Mark Fistric is back on ice.
3:48 of 3rd period - Slapshot by Brandon Gormley.
3:48 of 3rd period - Shot Blocked by James Neal.
3:54 of 3rd period - Wrist shot by Patrick Eaves.
3:54 of 3rd period - Stopped by Frederik Andersen with a rebound.
3:56 of 3rd period - Snap shot by Steve Montador.
3:56 of 3rd period - Stopped by Frederik Andersen without a rebound.
3:57 of 3rd period - Jean-Gabriel Pageau wins face-off versus Patrice Bergeron in Rangers zone.
4:06 of 3rd period - Wrist shot by Erik Gudbranson.
4:06 of 3rd period - Shot Misses the Net.
4:08 of 3rd period - Minor Penalty to Milan Lucic for Hooking.
4:09 of 3rd period - Gustav Nyquist wins face-off versus Matt Duchene in Rangers zone.
4:16 of 3rd period - Wrist shot by Matt Duchene.
4:16 of 3rd period - Goal by Matt Duchene - Rangers : 1 - Panthers : 4.
4:16 of 3rd period - Mike Condon enters game.
4:17 of 3rd period - Matt Duchene wins face-off versus Patrice Bergeron in neutral zone.
4:23 of 3rd period - Minor Penalty to Luke Schenn for Hooking.
4:24 of 3rd period - Milan Lucic wins face-off versus Matt Duchene in Rangers zone.
5:38 of 3rd period - Kyle Clifford is hit by Chris Bourque and loses puck.
5:43 of 3rd period - Snap shot by Chris Bourque.
5:43 of 3rd period - Shot Misses the Net.
5:47 of 3rd period - Snap shot by Chris Bourque.
5:47 of 3rd period - Deflect By Gustav Nyquist.
5:47 of 3rd period - Shot Misses the Net.
5:47 of 3rd period - Puck is out of play.
5:48 of 3rd period - Milan Lucic wins face-off versus Alex Galchenyuk in Panthers zone.
5:59 of 3rd period - Snap shot by Matt Duchene.
5:59 of 3rd period - Deflect By Marek Svatos.
5:59 of 3rd period - Shot Misses the Net.
5:59 of 3rd period - Puck is out of play.
6:00 of 3rd period - Jakob Silfverberg wins face-off versus Matt Duchene in Rangers zone.
6:08 of 3rd period - Off-side.
6:09 of 3rd period - Matt Duchene wins face-off versus Milan Lucic in neutral zone.
6:23 of 3rd period - Penalty to Luke Schenn is over, Luke Schenn is back on ice.
6:40 of 3rd period - Snap shot by Stephen Weiss.
6:40 of 3rd period - Stopped by Mike Condon without a rebound.
6:41 of 3rd period - Sean Couturier wins face-off versus Stephen Weiss in Rangers zone.
6:45 of 3rd period - Off-side.
6:46 of 3rd period - Matt Duchene wins face-off versus Sean Couturier in neutral zone.
7:10 of 3rd period - Icing by Matt Duchene.
7:11 of 3rd period - Patrice Bergeron wins face-off versus Drew Stafford in Panthers zone.
7:22 of 3rd period - Snap shot by Jakob Silfverberg.
7:22 of 3rd period - Deflect By Patrice Bergeron.
7:22 of 3rd period - Shot Misses the Net.
7:22 of 3rd period - Puck is out of play.
7:23 of 3rd period - Matt Duchene wins face-off versus Patrice Bergeron in Panthers zone.
8:35 of 3rd period - Snap shot by Milan Lucic.
8:35 of 3rd period - Stopped by Petr Mrazek without a rebound.
8:36 of 3rd period - Jonathan Matsumoto wins face-off versus Patrice Bergeron in Panthers zone.
8:54 of 3rd period - Milan Lucic is hit by Jonathan Matsumoto and loses puck.
9:20 of 3rd period - Wrist shot by Milan Lucic.
9:20 of 3rd period - Shot Misses the Net.
9:22 of 3rd period - Wrist shot by Colten Teubert.
9:22 of 3rd period - Stopped by Petr Mrazek without a rebound.
9:23 of 3rd period - Sean Couturier wins face-off versus Matt Duchene in Panthers zone.
9:28 of 3rd period - Slapshot by Sean Couturier.
9:28 of 3rd period - Stopped by Petr Mrazek without a rebound.
9:29 of 3rd period - Matt Duchene wins face-off versus Sean Couturier in Panthers zone.
9:29 of 3rd period - Matt Duchene is hit by Luke Schenn.
9:32 of 3rd period - Minor Penalty to Kurtis Foster for Tripping.
9:33 of 3rd period - Jean-Gabriel Pageau wins face-off versus Patrice Bergeron in Panthers zone.
9:33 of 3rd period - Jean-Gabriel Pageau is hit by Patrice Bergeron.
10:08 of 3rd period - Wrist shot by Jakob Silfverberg.
10:08 of 3rd period - Deflect By Milan Lucic.
10:08 of 3rd period - Shot Blocked by Drew Stafford.
10:08 of 3rd period - Puck is out of play.
10:09 of 3rd period - Kyle Okposo wins face-off versus Jean-Gabriel Pageau in Panthers zone.
10:12 of 3rd period - Snap shot by James Neal.
10:12 of 3rd period - Shot Blocked by Erik Gudbranson.
10:14 of 3rd period - Slapshot by Matt Greene.
10:14 of 3rd period - Goal by Matt Greene - Rangers : 2 - Panthers : 4.
10:15 of 3rd period - Patrice Bergeron wins face-off versus Matt Duchene in neutral zone.
10:20 of 3rd period - Snap shot by Patrice Bergeron.
10:20 of 3rd period - Goal by Patrice Bergeron - Rangers : 3 - Panthers : 4.
10:21 of 3rd period - Patrice Bergeron wins face-off versus Matt Duchene in neutral zone.
10:58 of 3rd period - Snap shot by Kyle Clifford.
10:58 of 3rd period - Shot Blocked by Luke Schenn.
11:17 of 3rd period - Snap shot by Stephen Weiss.
11:17 of 3rd period - Stopped by Mike Condon with a rebound.
11:19 of 3rd period - Snap shot by Dany Heatley.
11:19 of 3rd period - Shot Misses the Net.
11:21 of 3rd period - Wrist shot by Dany Heatley.
11:21 of 3rd period - Shot Hit the Post.
11:55 of 3rd period - Snap shot by James Neal.
11:55 of 3rd period - Stopped by Petr Mrazek with a rebound.
12:01 of 3rd period - Slapshot by Alex Galchenyuk.
12:01 of 3rd period - Shot Misses the Net.
12:23 of 3rd period - Wrist shot by Stephen Weiss.
12:23 of 3rd period - Shot Misses the Net.
13:00 of 3rd period - Brandon Gormley is hit by Chris Bourque and loses puck.
13:30 of 3rd period - Jonathan Sigalet is hit by James Neal.
13:40 of 3rd period - Jonathan Sigalet is hit by Tomas Hertl and loses puck.
14:21 of 3rd period - Double Minor Penalty to Kurtis Foster for Boarding.
14:22 of 3rd period - Jean-Gabriel Pageau wins face-off versus Jakob Silfverberg in Panthers zone.
14:52 of 3rd period - Snap shot by James Neal.
14:52 of 3rd period - Stopped by Petr Mrazek with a rebound.
14:54 of 3rd period - Wrist shot by Sean Couturier.
14:54 of 3rd period - Shot Misses the Net.
14:56 of 3rd period - Slapshot by Colten Teubert.
14:56 of 3rd period - Deflect By James Neal.
14:56 of 3rd period - Goal by James Neal - Rangers : 4 - Panthers : 4.
14:57 of 3rd period - Jean-Gabriel Pageau wins face-off versus Patrice Bergeron in neutral zone.
16:56 of 3rd period - Penalty to Kurtis Foster is over, Kurtis Foster is back on ice.
17:22 of 3rd period - Steve Quailer is hit by Kyle Okposo.
17:53 of 3rd period - Mark Fistric is hit by Steve Montador and loses puck.
18:42 of 3rd period - Luke Schenn is hit by Marek Svatos and loses puck.
19:14 of 3rd period - Icing by Patrice Bergeron.
19:15 of 3rd period - Patrice Bergeron wins face-off versus Matt Duchene in Rangers zone.
Goals for this period are 3 for Rangers vs 1 for Panthers.
Shots for this period are 9 for Rangers vs 7 for Panthers.

Overtime #1


0:01 of 1st overtime period - Matt Duchene wins face-off versus Milan Lucic in neutral zone.
0:17 of 1st overtime period - Wrist shot by Milan Lucic.
0:17 of 1st overtime period - Stopped by Petr Mrazek with a rebound.
0:50 of 1st overtime period - Snap shot by Jean-Gabriel Pageau.
0:50 of 1st overtime period - Stopped by Mike Condon without a rebound.
0:51 of 1st overtime period - Milan Lucic wins face-off versus Matt Duchene in Rangers zone.
2:59 of 1st overtime period - Wrist shot by Kyle Okposo.
2:59 of 1st overtime period - Deflect By Jakob Silfverberg.
2:59 of 1st overtime period - Stopped by Petr Mrazek with a rebound.
4:05 of 1st overtime period - Milan Lucic is hit by Alex Galchenyuk and loses puck.
4:28 of 1st overtime period - Snap shot by Jakob Silfverberg.
4:28 of 1st overtime period - Shot Misses the Net.
4:30 of 1st overtime period - Wrist shot by Alexei Emelin.
4:30 of 1st overtime period - Stopped by Petr Mrazek with a rebound.
Goals for this period are 0 for Rangers vs 0 for Panthers.
Shots for this period are 3 for Rangers vs 1 for Panthers.

ShootOut


5:00 of 1st overtime period - Round #1.
5:00 of 1st overtime period - Rangers, Milan Lucic.
5:00 of 1st overtime period - Wrist shot by Milan Lucic.
5:00 of 1st overtime period - Stopped by Petr Mrazek.
5:00 of 1st overtime period - Panthers, Alex Galchenyuk.
5:00 of 1st overtime period - Wrist shot by Alex Galchenyuk.
5:00 of 1st overtime period - Goal by Alex Galchenyuk.
5:00 of 1st overtime period - Round #2.
5:00 of 1st overtime period - Rangers, Patrice Bergeron.
5:00 of 1st overtime period - Deke by Patrice Bergeron.
5:00 of 1st overtime period - Stopped by Petr Mrazek.
5:00 of 1st overtime period - Panthers, Stephen Weiss.
5:00 of 1st overtime period - Deke by Stephen Weiss.
5:00 of 1st overtime period - Stopped by Mike Condon.
5:00 of 1st overtime period - Round #3.
5:00 of 1st overtime period - Rangers, Jakob Silfverberg.
5:00 of 1st overtime period - Snap shot by Jakob Silfverberg.
5:00 of 1st overtime period - Stopped by Petr Mrazek.